AoeStats
← tenduril

Pilgrims

509927095Analyzed
4v4 RM · 4d ago on Sep 28, 2026· 24m 48s· 8 players
Game mode
Random Map
Map size
Large (8 player)
Population
200
Speed
Normal
Resources
Standard
Victory
Conquest
Starting age
Dark Age
Ending age
Imperial Age
RankedLock teamsTeams togetherTeam positionsShared explorationLock speedFull tech treeHidden civsTurbo modeCheats
Victory
Defeat
🇪🇸 Japanese · Spain
1090
+15
🇸🇪 Persians · Sweden
1080
+15
🇪🇸 Huns · Spain
1033
+17
🇪🇸 Varangians · Spain
1010
+18
🇩🇪 Gurjaras · Germany
1076
-17
🇫🇷 Spanish · France
1071
-17
🇺🇸 Burmese · United States
1060
-16
🇺🇸 Saxons · United States
1027
-15
FURIOUSPAKO
6:09 Loom
10:29 Feudal Age
17:04 Castle Age
15:07 Stone Mining
15:05 Double-Bit Axe
16:42 Fishing Lines
17:13 Gold Mining
20:32 Bloodlines
20:43 Husbandry
21:26 Gillnets
22:13 Scale Barding Armor
22:19 Forging
24:02 Horse Collar
Robermad
3:29 Loom
13:00 Feudal Age
13:59 Double-Bit Axe
17:45 Town Watch
18:41 Wheelbarrow
23:38 Castle Age
22:54 Bloodlines
25:22 Medium Warships
Hurgha
2:44 Loom
12:21 Feudal Age
12:55 Town Watch
13:17 Double-Bit Axe
15:12 Fishing Lines
20:14 Castle Age
21:26 Medium Warships
21:12 Fletching
22:16 Wheelbarrow
21:45 Gillnets
22:46 Bow Saw
22:36 Bodkin Arrow
kirlito
12:53 Feudal Age
14:24 Wheelbarrow
13:38 Double-Bit Axe
13:50 Fishing Lines
18:22 Bloodlines
20:37 Stone Mining
20:38 Horse Collar
25:46 Castle Age
23:45 Gold Mining
24:03 Scale Barding Armor
24:08 Forging
BaronBrax
4:41 Loom
12:30 Feudal Age
13:23 Gold Mining
18:41 Double-Bit Axe
19:45 Fishing Lines
22:30 Scale Mail Armor
TwoHeadedTurtle
7:03 Loom
7:51 Loom
8:19 Loom
11:13 Feudal Age
15:09 Wheelbarrow
14:20 Town Watch
18:08 Castle Age
16:45 Stone Mining
16:51 Gold Mining
tenduril
11:32 Feudal Age
12:07 Loom
DerkerTheBerserker
3:42 Loom
10:15 Feudal Age
Connection lost

Rejoining the realm…

Still unreachable

The connection could not be restored.

Session expired

The server has moved on; the page needs a fresh start.